 Dungeon Crawl Stone Soup version 0.26.0-10-g1f06aea511 (webtiles) character file.

Game seed: 15516886570174510238

3772 night the Frost Mage (level 10, -13/60 (63) HPs)
             Began as a Merfolk Ice Elementalist on Jan 22, 2021.
             Was a Believer of Sif Muna.
             Blown up by a wight (30 damage)
             ... with a disintegration bolt
             ... on level 8 of the Dungeon.
             The game lasted 00:29:22 (11358 turns).

night the Frost Mage (Merfolk Ice Elementalist)    Turns: 11358, Time: 00:29:23

HP:   -13/60 (63)   AC:  9    Str:  8    XL:     10   Next: 16%
MP:   23/23         EV: 13    Int: 17    God:    Sif Muna [**....]
Gold: 293           SH:  0    Dex: 19    Spells: 17/28 levels left

rFire    . . .     SeeInvis .   K - +0 scimitar (vorpal)
rCold    . . .     Faith    .   (no shield)
rNeg     + . .     Spirit   .   S - +0 steam dragon scales
rPois    .         Reflect  .   (no helmet)
rElec    .         Harm     .   (no cloak)
rCorr    .         Rampage  .   (no gloves)
Will     .....                  (no boots)
Stlth    ++........             (no amulet)
HPRegen  0.20/turn              p - +4 ring of protection
MPRegen  0.18/turn              O - ring of Yhesae {rN+ Dex+3}

@: studying Air Magic, lightly drained
A: change form in water, swift swim, stealthy swim
a: Renounce Religion, Channel Magic


You were on level 8 of the Dungeon.
You worshipped Sif Muna.
Sif Muna was pleased with you.
You visited 1 branch of the dungeon, and saw 8 of its levels.

You collected 367 gold pieces.
You spent 74 gold pieces at shops.

Inventory:

Hand Weapons
 m - a +0 dagger of venom
 H - a +1 whip of flaming
 I - a +1 hand axe of venom
 K - a +0 vorpal scimitar (weapon)
 R - a +0 trident
 T - a +2 spear of freezing
Missiles
 A - 31 poisoned darts (quivered)
 U - a throwing net
Armour
 a - a +0 robe
 k - a +0 ring mail
 S - +0 steam dragon scales (worn)
Jewellery
 p - a +4 ring of protection (left hand)
 C - an uncursed amulet of guardian spirit
 J - an uncursed ring of flight
 L - an uncursed ring of resist corrosion
 N - an uncursed ring of protection from cold
 O - the ring of Yhesae (right hand) {rN+ Dex+3}
   (You found it on level 7 of the Dungeon)

   [ring of positive energy]

   It affects your dexterity (+3).
   It protects you from negative energy.
Wands
 q - a wand of disintegration (14)
 r - a wand of enslavement (15)
 z - a wand of paralysis (1)
 E - a wand of digging (4)
 G - a wand of iceblast (1)
Scrolls
 b - 3 scrolls of fear {unknown}
 d - 3 scrolls of fog
 i - 6 scrolls of remove curse
 j - 4 scrolls of identify {unknown}
 l - a scroll of enchant weapon {unknown}
 o - a scroll of amnesia {unknown}
 t - 2 scrolls of enchant armour {unknown}
 w - 3 scrolls of teleportation {unknown}
 y - a scroll of magic mapping {unknown}
 B - a scroll of blinking {unknown}
 D - a scroll of noise {unknown}
 F - a scroll of immolation {unknown}
 Q - a scroll of holy word {unknown}
Potions
 c - 2 potions of curing {unknown}
 e - a potion of haste {unknown}
 f - a potion of cancellation {unknown}
 g - 4 potions of flight {unknown}
 h - a potion of ambrosia {unknown}
 n - 7 potions of attraction {unknown}
 s - 2 potions of degeneration {unknown}
 u - 2 potions of lignification {unknown}
 v - 2 potions of heal wounds
 x - a potion of resistance {unknown}
Books
 M - a manual of Air Magic
Miscellaneous
 P - a phial of floods


   Skills:
 + Level 1.4 Polearms
 - Level 2.6 Dodging
 - Level 2.1 Stealth
 + Level 9.5 Spellcasting
 + Level 11.6 Ice Magic


You had 17 spell levels left.
You knew the following spells:

 Your Spells              Type           Power        Failure   Level
a - Freeze                Ice            100%         1%          1
b - Frozen Ramparts       Ice            94%          1%          3
c - Ozocubu's Armour      Ice            47%          1%          3
d - Summon Ice Beast      Ice/Summ       27%          9%          4

Your spell library contained the following spells:

 Spells                   Type           Power        Failure   Level
 Ensorcelled Hibernation  Hex/Ice        54%          1%          2
 Hailstorm                Conj/Ice       27%          9%          4
 Borgnjor's Vile Clutch   Necr/Erth      4%           94%         5
 Silence                  Hex/Air        4%           94%         5
 Shadow Creatures         Summ           N/A          100%        6


Dungeon Overview and Level Annotations

Branches:
Dungeon (8/15)             Temple (0/1) D:7
   Lair: D:8-11

Altars:
Ashenzari
Gozag
Hepliaklqana
Okawaru
Ru
Sif Muna
Uskayaw
Vehumet
The Shining One

Shops:
D:4 !   D:6 *?


Message History

HP restored.
You climb downwards.
There is a stone staircase leading up, spattered with blood here.
Things that are here:
a +0 robe; a +3 dagger
Things that are here:
a cursed +0 robe; a cursed +6 spear You closely miss the wight.
The wight zaps a wand.
You struggle to resist.
The wight hits you with a +0 hand axe. You partially resist.
You feel drained.
You hit the wight but do no damage.
The wight zaps a wand.
You are blasted!
You hit the wight.
The wight is moderately damaged.
The wight zaps a wand.
You are blasted!
You are too injured to fight recklessly!
You are too injured to fight recklessly!
The wight zaps a wand.
You are blasted!
* * * LOW HITPOINT WARNING * * *
The wight zaps a wand.
You are blasted!
Ouch! That really hurt!
You die...

#.# #.# #.# #.# #
#.########.#####..
#....<))).......#
...########........
####.#########..####.#
#.....z..@<........#
#.##.#..#######..#.#
#..# ..# # #..# ..#
#..# ..# #..# ... #..#
..#. ....


You could see a wight.

Vanquished Creatures
  Pikel (D:5)
  Maggie (D:7)
  A troll (D:7)
  A vampire mosquito (D:7)
  A sky beast (D:5)
  3 ice beasts
  A phantom (D:7)
  A centaur (D:3)
  6 ogres
  4 lemures (D:5)
  2 bullfrogs (D:7)
  A wyvern skeleton (D:7)
  A killer bee (D:7)
  5 wights
  3 howler monkeys (D:7)
  A bullfrog zombie (D:7)
  A quasit (D:6)
  2 gnoll shamans
  A bullfrog skeleton (D:7)
  An orc priest (D:5)
  An iron imp (D:6)
  Ijyb (D:5)
  5 orc wizards (D:7)
  7 worker ants
  A worker ant zombie (D:5)
  A howler monkey zombie (D:5)
  11 adders
  16 gnolls
  A howler monkey skeleton (D:6)
  A shadow imp (D:6)
  3 white imps
  2 ufetubi
  2 adder skeletons
  3 worms
  4 dart slugs
  7 leopard geckos
  36 orcs
  11 bats
  A giant cockroach (D:1)
  12 hobgoblins
  7 jackals
  2 quokkas
  2 ball pythons
  3 frilled lizards
  7 goblins
  A goblin zombie (D:6)
  4 kobolds
  A kobold skeleton (D:6)
  A kobold zombie (D:6)
  2 orc skeletons (D:6)
  An orc zombie (D:6)
  6 rats
201 creatures vanquished.

Vanquished Creatures (collateral kills)
  An orc warrior (D:7)
  3 wights
  A shadow imp (D:7)
  2 orcs (D:7)
7 creatures vanquished.

Grand Total: 208 creatures vanquished

Notes
Turn   | Place    | Note
-------+----------+-------------------------------------------
     0 | D:1      | night the Merfolk Ice Elementalist began the quest for the
                  | Orb.
     0 | D:1      | Reached XP level 1. HP: 13/13 MP: 3/3
   281 | D:1      | Reached XP level 2. HP: 19/19 MP: 0/5
   347 | D:1      | Found a broken altar of Ashenzari.
   838 | D:1      | Reached XP level 3. HP: 24/24 MP: 2/6
   850 | D:1      | Learned a level 3 spell: Frozen Ramparts
   854 | D:1      | Learned a level 3 spell: Ozocubu's Armour
  1054 | D:1      | Reached skill level 5 in Ice Magic
  1725 | D:2      | Reached XP level 4. HP: 27/30 MP: 8/8
  1970 | D:2      | Found a radiant altar of Vehumet.
  2953 | D:3      | Reached XP level 5. HP: 30/35 MP: 10/10
  3002 | D:3      | Found an opulent altar of Gozag.
  3222 | D:3      | Noticed a centaur
  3232 | D:3      | Killed a centaur
  3233 | D:3      | Reached skill level 6 in Ice Magic
  3633 | D:3      | Reached XP level 6. HP: 35/41 MP: 12/12
  3975 | D:4      | Found Mireob's Distillery.
  3980 | D:4      | Bought a potion of heal wounds for 50 gold pieces
  4820 | D:4      | Found a hide-covered altar of Uskayaw.
  4821 | D:4      | Found a sacrificial altar of Ru.
  5065 | D:5      | Entered Level 5 of the Dungeon
  5100 | D:5      | Reached skill level 7 in Ice Magic
  5100 | D:5      | Reached XP level 7. HP: 38/46 MP: 14/14
  5237 | D:5      | Reached skill level 5 in Spellcasting
  5438 | D:5      | Noticed Ijyb
  5443 | D:5      | Killed Ijyb
  5659 | D:5      | Found a shimmering blue altar of Sif Muna.
  5664 | D:5      | Became a worshipper of Sif Muna the Loreminder
  5740 | D:5      | Reached skill level 8 in Ice Magic
  5848 | D:5      | Found a hazy altar of Hepliaklqana.
  5871 | D:5      | Noticed Pikel
  5886 | D:5      | Reached XP level 8. HP: 29/52 MP: 7/16
  5897 | D:5      | Killed Pikel
  5898 | D:5      | Reached skill level 9 in Ice Magic
  6475 | D:6      | Found a glowing golden altar of the Shining One.
  7097 | D:6      | Found Lerousof's Magic Scroll Emporium.
  7100 | D:6      | Bought a scroll of fog for 24 gold pieces
  7265 | D:6      | Learned a level 4 spell: Summon Ice Beast
  7482 | D:6      | Reached XP level 9. HP: 44/54 MP: 17/20
  8320 | D:6      | Found Koefoczo's Serpentskin Sales.
  8439 | D:6      | Reached skill level 10 in Ice Magic
  8972 | D:7      | Reached * piety under Sif Muna
  9026 | D:7      | Noticed a troll
  9033 | D:7      | Killed a troll
  9288 | D:7      | Got a clouded marble ring
  9294 | D:7      | Identified the ring of Yhesae {rN+ Dex+3} (You found it on
                  | level 7 of the Dungeon)
  9468 | D:7      | Found an iron altar of Okawaru.
  9475 | D:7      | Reached skill level 11 in Ice Magic
 10049 | D:7      | Noticed Maggie
 10060 | D:7      | Killed Maggie
 10061 | D:7      | Reached XP level 10. HP: 55/63 MP: 13/23
 10066 | D:7      | Reached ** piety under Sif Muna
 10468 | D:7      | Found a staircase to the Ecumenical Temple.
 11135 | D:8      | Reached skill level 1 in Polearms
 11358 | D:8      | Blown up by a wight

Illustrated notes

Levels and vault maps discovered:
D:1:      amcnicky_arrival_wind_blow, layout_basic, ashenzari_altar_1
D:2:      layout_basic, fiery_altar_vehumet
D:3:      layout_loops_cross, grunt_gozag_statues
D:4:      layout_basic, gammafunk_temple_overflow_pools, serial_shops,
          nicolae_shop_stone
D:5:      layout_rooms, nzn_hepliaklqana_mist_gate, marbit_many_paths,
          uniq_pikel, uniq_ijyb
D:6:      layout_gridville, nicolae_tso_besieged_by_evil, serial_shops,
          kennysheep_mini, guppyfry_shop_venom
D:7:      minmay_the_grid_triangle_9x9_rhombus_full
          [minmay_the_grid_triangle_9x9_limited_checkers,
          minmay_the_grid_triangle_9x9_sprig,
          minmay_the_grid_triangle_9x9_wacky_v,
          minmay_the_grid_triangle_9x9_odd_lines,
          minmay_the_grid_triangle_9x9_zippers_horizontal,
          minmay_the_grid_triangle_9x9_steps,
          minmay_the_grid_triangle_9x9_zippers_vertical,
          minmay_the_grid_triangle_9x9_prize_schism], layout_basic,
          lemuel_temple_firewalk_a, basic_altar, uniq_maggie
D:8:      layout_loops_ring, nicolae_overflow_crystal_walls, bloody_trog,
          lemuel_round_altar, nemelex_xobeh_ov_fountains_minmay,
          fedhas_altar_fruit_tree

Skill      XL: |  1  2  3  4  5  6  7  8  9 10 |
---------------+-------------------------------+-----
Ice Magic      | 5 6 7 8 9 11 | 11.6
Spellcasting   | 3 4 5 7 9 |  9.5
Polearms       | 1 |  1.4
Dodging        | |  2.6
Stealth        | |  2.1

Action                   |  1- 3 |  4- 6 |  7- 9 | 10-12 || total
-------------------------+-------+-------+-------+-------++-------
Melee: Unarmed           |    17 |       |       |       ||    17
       Dagger            |    24 |   168 |   177 |       ||   369
       Whip              |       |       |    31 |       ||    31
       Scimitar          |       |       |   102 |    20 ||   122
       Trident           |       |       |     1 |    23 ||    24
       Spear             |       |       |       |    23 ||    23
Throw: Dart              |       |       |    15 |       ||    15
 Cast: Freeze            |    36 |     8 |    14 |     1 ||    59
       Frozen Ramparts   |     4 |    15 |    32 |     7 ||    58
       Ozocubu's Armour  |       |     2 |    16 |     1 ||    19
       Summon Ice Beast  |       |       |     5 |     4 ||     9
Evoke: Wand              |       |       |     6 |       ||     6
  Use: Scroll            |       |       |     1 |       ||     1
 Stab: Distracted        |       |       |     2 |       ||     2
       Sleeping          |       |       |     1 |       ||     1
Armor: Robe              |     6 |       |       |       ||     6
       Ring mail         |    13 |    79 |   121 |     8 ||   221
       Steam dragon scal |       |       |       |    20 ||    20
Dodge: Dodged            |    46 |    95 |   175 |    48 ||   364
       Rpst.: Scimitar   |       |       |    15 |     2 ||    17
